 Dungeon Crawl Stone Soup version 0.28-a0-268-g3f656e82c2 (webtiles) character file.

Game seed: 13119665970501460436

84 Saint the Sneak (level 4, -4/54 HPs)
             Began as a Naga Enchanter on Aug 28, 2021.
             Slain by a gnoll (7 damage)
             ... on level 2 of the Dungeon.
             The game lasted 00:07:35 (2362 turns).

Saint the Sneak (Naga Enchanter)                    Turns: 2362, Time: 00:07:36

Health: -4/54      AC:  2    Str: 10    XL:     4   Next: 46%
Magic:  7/7        EV: 10    Int: 16    God:
Gold:   26         SH:  0    Dex: 12    Spells: 5/7 levels left

rFire   . . .      SeeInvis +   a - +1 dagger
rCold   . . .      Faith    .   (no shield)
rNeg    . . .      Spirit   .   b - +0 robe
rPois   +          Reflect  .   (no helmet)
rElec   .          Harm     .   (no cloak)
rCorr   .          Rampage  .   (no gloves)
Will    +....                   (no barding)
Stlth   ..........              (no amulet)
HPRegen 0.18/turn               W - ring of willpower
MPRegen 0.10/turn               (no ring)

@: confused, berserking, ambrosia-drunk, quick
A: AC +1, large, see invisible, deformed body, poison resistance, slowness 2,
spit poison 1, naga tail 1
a: Spit Poison


You were on level 2 of the Dungeon.
You visited 1 branch of the dungeon, and saw 2 of its levels.

You collected 26 gold pieces.

Inventory:

Hand Weapons
 a - a +1 dagger (weapon)
Missiles
 f - 37 sling bullets
 g - 17 bolts
 l - 5 javelins
 s - 87 stones (quivered)
Armour
 b - a +0 robe (worn)
 j - a +0 helmet
   (You took it off Robin on level 2 of the Dungeon)
Jewellery
 W - a ring of willpower (left hand)
   (You found it on level 2 of the Dungeon)
Wands
 q - a wand of flame (15)
   (You took it off Robin on level 2 of the Dungeon)
Scrolls
 c - a scroll of magic mapping {unknown}
 d - 5 scrolls of identify {unknown}
 h - 2 scrolls of fear {unknown}
 i - a scroll of teleportation {unknown}
Potions
 e - a potion of mutation {unknown}
 G - a potion of ambrosia {!q}


   Skills:
 + Level 2.4 Short Blades
 - Level 1.5 Dodging
 + Level 5.8 Stealth
 - Level 2.0 Spellcasting
 + Level 3.8 Hexes


You had 5 spell levels left.
You knew the following spells:

 Your Spells              Type           Power      Damage    Failure   Level
a - Ensorcelled Hibernat  Hex/Ice        14%        N/A       14%         2

Your spell library contained the following spells:

 Spells                   Type           Power      Damage    Failure   Level
 Confusing Touch          Hex            13%        N/A       13%         3
 Tukima's Dance           Hex            13%        N/A       13%         3
 Dazzling Flash           Conj/Hex       14%        N/A       28%         3
 Dispersal                Tloc           0%         N/A       100%        6
 Disjunction              Tloc           0%         N/A       100%        8


Dungeon Overview and Level Annotations

Branches:
Dungeon (2/15)

Altars:

Shops:
D:1 [:![=


Innate Abilities, Weirdness & Mutations

Your serpentine skin is tough. (AC +1)
You have supernaturally acute eyesight. (SInv)
Armour fits poorly on your strangely shaped body.
Your system is resistant to poisons. (rPois)
You cover ground very slowly.
You can spit poison.
You have a snake-like lower body.


Message History

A hobgoblin is nearby!
A hobgoblin is nearby!
Really target yourself? [Y]es or [N]o only, please.
Really target yourself? [Y]es or [N]o only, please.
Really target yourself?
Okay, then.
Aim: a hobgoblin (wandering, hasn't noticed you)
The splash of poison hits the hobgoblin.
The hobgoblin is poisoned.
You kill the hobgoblin!
You have got your breath back.
Found a stone staircase leading up.
A goblin comes into view. It is wielding a +0 club.
A goblin is nearby!
A goblin is nearby!
A goblin is nearby!
Aim: a goblin, wielding a +0 club (wandering, hasn't noticed you)
The splash of poison misses the goblin.
The goblin shouts!
You hear a shout!
The goblin hits you but does no damage.
You hit the goblin. The goblin barely misses you.
A kobold comes into view. It is wielding a +0 club.
You hit the goblin.
You kill the goblin!
You have got your breath back.
You see here a +0 club.
Aim: a kobold, wielding a +0 club The splash of poison hits the kobold!
The kobold is poisoned.
You kill the kobold!
You have got your breath back.
You see here a +0 club.
Found a stone staircase leading up.
There are monsters nearby!
There are monsters nearby!
Aim: a gnoll, wielding a +0 spear (asleep)
The splash of poison hits the gnoll.
The gnoll is poisoned.
The gnoll shouts! x2
Unknown command.
You have got your breath back.
The bat hits you but does no damage.
Aim: a bat The splash of poison hits the bat!
You kill the bat!
The gnoll closely misses you.
The gnoll hits you from afar with a +0 halberd.
You take 2 damage, and have 34/36 hp.
You can't do that yet.
You have got your breath back.
The gnoll hits you from afar with a +0 halberd!
You take 12 damage, and have 22/36 hp.
MASSIVE DAMAGE!!
Aim: a gnoll, wielding a +0 halberd The splash of poison hits the gnoll.
The gnoll is poisoned.
The gnoll hits you from afar with a +0 halberd!
You take 7 damage, and have 15/36 hp.
Unknown command.
Unknown command.
Aim: a gnoll, wielding a +0 halberd (moderately wounded, poisoned, chance to affect: 48%)
The gnoll resists with some effort.
The gnoll hits you from afar with a +0 halberd.
* * * LOW HITPOINT WARNING * * *
You take 5 damage, and have 10/36 hp.
You now have 5/7 mp.
Unknown command.
Aim: a gnoll, wielding a +0 halberd (moderately wounded, poisoned, chance to affect: 48%)
The gnoll looks drowsy...
You now have 3/7 mp.
Unknown command.
You have got your breath back.
Unknown command.
The helpless gnoll fails to defend itself.
You impale the gnoll!!
You kill the gnoll!
The gnoll hits you from afar with a +0 spear.
* * * LOW HITPOINT WARNING * * *
You take 5 damage, and have 5/36 hp.
Unknown command.
Unknown command.
It was a potion of ambrosia.
You are confused.
You feel invigorated.
G - a potion of ambrosia The gnoll hits you with a +0 whip.
* * * LOW HITPOINT WARNING * * *
The gnoll barely misses you.
You regained 2 hp, and now have 7/36 hp.
MP restored: 7 The gnoll closely misses you.
The gnoll hits you with a +0 whip!
* * * LOW HITPOINT WARNING * * *
You take 6 damage, and have 1/36 hp.
Unknown command.
Unknown command.
It was a potion of berserk rage.
A red film seems to cover your vision as you go berserk!
You feel yourself moving faster!
You feel mighty! The gnoll hits you with a +0 spear.
* * * LOW HITPOINT WARNING * * *
The gnoll hits you with a +0 whip!
You die...

#.# #.... ..> .... ..# #.#.#.#
#.# #.# #.# #.#.#.# #.# #.# #.#
#.g.#.# #.# #.# #.# #..#.# #.#
#.# ###.####g.#[#.##########.#
#.#
.......#..#.#.........##.######.#
.#####.#.##.#########.##........#
.# #........)g@.........####...
.# #....#..####g###.##.####.###
<# #......................>## #
.#####.#..##.....####.########
.......#..##.###..###.#
)#..#..#.....# #.#.##.# #
.#..#.....#..###...##.# #
.#..#..#..#......#.####
)#..#..#..#.##.#.#....#


You could see 2 gnolls.

Vanquished Creatures
  Robin (D:2)
  An adder (D:2)
  A gnoll (D:2)
  A worm (D:2)
  A dart slug (D:2)
  3 ball pythons
  4 bats
  An endoplasm (D:1)
  13 goblins
  6 hobgoblins
  2 jackals (D:2)
  4 kobolds
  2 quokkas (D:2)
  4 frilled lizards
  2 rats
  A spectral kobold (D:1)
47 creatures vanquished.

Notes
Turn   | Place    | Note
-------+----------+-------------------------------------------
     0 | D:1      | Saint the Naga Enchanter began the quest for the Orb.
     0 | D:1      | Reached XP level 1. HP: 15/15 MP: 3/3
    28 | D:1      | Found Kutaw's Distillery.
    71 | D:1      | Found Cevviof's Antique Armour Shoppe.
   110 | D:1      | Found Rawe's Antique Armour Shop.
   350 | D:1      | Found Ogad's Book Shoppe.
   361 | D:1      | HP: 1/15 [hobgoblin (4)]
   368 | D:1      | Reached XP level 2. HP: 2/22 MP: 5/5
   372 | D:1      | Learned a level 2 spell: Ensorcelled Hibernation
   806 | D:1      | Found a faded altar of an unknown god.
   827 | D:1      | Found Rep Liqau's Jewellery Emporium.
  1218 | D:2      | Reached skill level 5 in Stealth
  1248 | D:2      | Reached XP level 3. HP: 19/26 MP: 3/6
  1478 | D:2      | HP: 3/26 [worm (8)]
  1750 | D:2      | Reached skill level 2 in Short Blades
  1784 | D:2      | Noticed Robin
  1808 | D:2      | HP: 6/28 [hobgoblin[Robin] (3)]
  1811 | D:2      | Killed Robin
  1812 | D:2      | Reached XP level 4. HP: 8/36 MP: 4/7
  2359 | D:2      | HP: 5/36 [gnoll (5)]
  2361 | D:2      | HP: 1/36 [gnoll (10)]
  2362 | D:2      | Slain by a gnoll

Illustrated notes

Levels and vault maps discovered:
D:1:      lemuel_arrival_muddy, layout_loops_ring, serial_shops, shop_fountains,
          nicolae_shop_statue_plus, nicolae_square_shop, nicolae_square_shop,
          shop, dreamdust_ecumenical_altar_drowned_temple
D:2:      layout_loops_ring, lexackson_kobold_supper, uniq_robin

Skill      XL: |  1  2  3 |
---------------+----------+-----
Stealth        | 5 |  5.8
Short Blades   | 2 |  2.4
Dodging        | |  1.5
Spellcasting   | |  2.0
Hexes          | |  3.8

Action                   |  1- 3 |  4- 6 || total
-------------------------+-------+-------++-------
Melee: Dagger            |    53 |     7 ||    60
 Cast: Ensorcelled Hiber |     9 |     2 ||    11
 Abil: Spit Poison       |    32 |    15 ||    47
  Use: Potion            |     1 |     2 ||     3
 Stab: Invisible         |     1 |       ||     1
       Sleeping          |     3 |     2 ||     5
Armor: Robe              |    16 |     3 ||    19
Dodge: Dodged            |    36 |     6 ||    42

Table legend: (Time is in decaauts)
 A = Elapsed time spent in this place.
 B = Non-inter-level travel time spent in this place.
 C = Inter-level travel time spent in this place.
 D = Time resting spent in this place.
 E = Time spent auto-exploring this place.
 F = Levels seen in this place.
 G = Mean time per level.
                   A        B        C        D        E       F      G
               +--------+--------+--------+--------+--------+-----+--------+
         Total |   2790 |   2744 |     46 |      0 |   2238 |   2 | 1395.0 |
       Dungeon |   2790 |   2744 |     46 |      0 |   2238 |   2 | 1395.0 |
               +--------+--------+--------+--------+--------+-----+--------+

Top non-repeatable levels by time:
     D:1: 1447 daAuts
     D:2: 1343 daAuts

Table legend:
 A = Kills in this place as a percentage of kills in entire the game.
 B = Kills by you in this place as a percentage of kills by you in the entire game.
 C = Kills by friends in this place as a percentage of kills by friends in the entire game.
 D = Other kills in this place as a percentage of other kills in the entire game.
 E = Experience gained in this place as a percentage of experience gained in the entire game.
 F = Experience gained in this place divided by the number of levels of this place that you have seen.
                   A       B       C       D       E      F
               +-------+-------+-------+-------+-------+----------------------
         Total | 100.0 | 100.0 |   N/A |   N/A | 100.0 |  60.5
       Dungeon | 100.0 | 100.0 |   N/A |   N/A | 100.0 |  60.5
               +-------+-------+-------+-------+-------+----------------------
